 Dungeon Crawl Stone Soup version 0.27.0-1-g7a08968 (webtiles) character file.

Game seed: 12732580944921983404

2927 Illumine the Frost Mage (level 9, -3/66 HPs)
             Began as a Gnoll Ice Elementalist on Aug 25, 2021.
             Was a Believer of Cheibriados.
             Slain by a shadow (4 damage)
             ... on level 6 of the Dungeon on Aug 26, 2021.
             The game lasted 00:14:01 (6503 turns).

Illumine the Frost Mage (Gnoll Ice Elementalist)    Turns: 6503, Time: 00:14:01

Health: -3/66      AC: 11    Str: 12    XL:     9   Next: 79%
Magic:  0/19       EV: 15    Int: 22    God:    Cheibriados [**....]
Gold:   292        SH:  0    Dex: 16    Spells: 4/21 levels left

rFire    . . .     SeeInvis .   k - +0 spear (vorpal)
rCold    . . .     Faith    +   (no shield)
rNeg     . . .     Spirit   .   a - +0 robe
rPois    .         Reflect  .   (no helmet)
rElec    .         Harm     .   (no cloak)
rCorr    .         Rampage  .   (no gloves)
Will     .....                  g - +0 pair of boots
Stlth    +++.......             r - amulet of faith
HPRegen  0.21/turn              h - ring of wizardry
MPRegen  0.16/turn              (no ring)

@: ice-armoured, freezing walls, attractive, very slow
A: fangs 1, strong nose, distributed training
a: Renounce Religion, Bend Time


You were on level 6 of the Dungeon.
You worshipped Cheibriados.
Cheibriados was pleased with you.
You visited 2 branches of the dungeon, and saw 8 of its levels.

You collected 292 gold pieces.

Inventory:

Hand Weapons
 k - a +0 vorpal spear (weapon)
Missiles
 m - a throwing net
Armour
 a - a +0 robe (worn)
 g - a +0 pair of boots (worn)
Jewellery
 h - a ring of wizardry (left hand)
 r - an amulet of faith (around neck)
Wands
 q - a wand of polymorph (3)
Scrolls
 c - a scroll of immolation {unknown}
 d - 4 scrolls of teleportation {unknown}
 i - a scroll of noise {unknown}
 j - a scroll of identify {unknown}
 l - a scroll of amnesia {unknown}
 n - a scroll of fear {unknown}
 o - a scroll of torment {unknown}
 p - 2 scrolls of enchant armour {unknown}
Potions
 b - a potion of flight {unknown}
 e - 2 potions of curing
 f - a potion of attraction


   Skills:
 + Level 4.5 Fighting
 + Level 4.5 Short Blades
 + Level 4.5 Long Blades
 + Level 4.5 Axes
 + Level 4.5 Maces & Flails
 + Level 4.5 Polearms
 + Level 4.5 Staves
 + Level 4.5 Slings
 + Level 4.5 Bows
 + Level 4.5 Crossbows
 + Level 4.5 Throwing
 + Level 4.5 Armour
 + Level 6.5 Dodging
 + Level 6.3 Stealth
 + Level 4.5 Shields
 + Level 4.5 Unarmed Combat
 + Level 6.8 Spellcasting
 + Level 3.8 Conjurations
 + Level 3.8 Hexes
 + Level 3.8 Summonings
 + Level 3.8 Necromancy
 + Level 3.8 Translocations
 + Level 3.8 Transmutations
 + Level 3.8 Fire Magic
 + Level 8.1 Ice Magic
 + Level 3.8 Air Magic
 + Level 3.8 Earth Magic
 + Level 3.8 Poison Magic
 + Level 5.0 Invocations
 + Level 4.5 Evocations


You had 4 spell levels left.
You knew the following spells:

 Your Spells              Type           Power      Damage    Failure   Level
a - Freeze                Ice            100%       1d11      1%          1
b - Frozen Ramparts       Ice            86%        1d10      1%          3
c - Ozocubu's Armour      Ice            43%        N/A       1%          3
d - Hailstorm             Conj/Ice       33%        3d8       2%          4
e - Corpse Rot            Necr/Air       N/A        N/A       1%          2
f - Dispel Undead         Necr           24%        3d12      7%          4

Your spell library contained the following spells:

 Spells                   Type           Power      Damage    Failure   Level
 Death Channel            Necr           12%        N/A       69%         6


Dungeon Overview and Level Annotations

Branches:
Dungeon (7/15)             Temple (1/1) D:6

Altars:
Cheibriados
Dithmenos
Fedhas
Nemelex Xobeh
Ru
Trog
Uskayaw
Wu Jian
Yredelemnul
The Shining One
Lugonu

Annotations:
D:6 Grinder


Innate Abilities, Weirdness & Mutations

You have very sharp teeth.
Your uncanny sense of smell can sniff out nearby items.
Your experience applies equally to all skills.


Message History

You kill the orc priest!
Cheibriados appreciates the change of pace.
The wall freezes the two-headed ogre!
The two-headed ogre hits you but does no damage.
The two-headed ogre misses you.
You feel better.
The wall freezes the two-headed ogre.
The two-headed ogre completely misses you.
The two-headed ogre hits you with a +0 giant spiked club!
* * * LOW HITPOINT WARNING * * *
Unknown command.
Casting: Ozocubu's Armour (safe; 1% risk of failure)
Confirm with . or Enter, or press ? or * to list all spells.
Aiming: Freeze (safe; 1% risk of failure)
Press: ? - help, Shift-Dir - straight line, f - two-headed ogre
Aim: a two-headed ogre, wielding two +0 giant spiked clubs (severely wounded)
You freeze the two-headed ogre.
The two-headed ogre is severely wounded.
Grinder is frozen!
The wall freezes Grinder!
Grinder blinks!
Unknown command.
Casting: Freeze (safe; 1% risk of failure)
Confirm with . or Enter, or press ? or * to list all spells.
Aiming: Freeze (safe; 1% risk of failure)
Press: ? - help, Shift-Dir - straight line, f/p - two-headed ogre
Aim: a two-headed ogre, wielding two +0 giant spiked clubs (severely wounded)
You freeze the two-headed ogre!
The two-headed ogre is almost dead.
The wall freezes the two-headed ogre!
You kill the two-headed ogre!
Cheibriados thoroughly appreciates the change of pace.
Your Invocations skill increases to level 5!
Unknown command.
Okay, then.
You are too injured to fight recklessly!
Unknown command.
It was a potion of attraction.
You feel attractive to monsters.
The shadow completely resists.
The wall freezes the shadow but does no damage.
The shadow hits you.
You die...

# ..o.## โˆ† ....
.โˆ† .... ... .. ..#
....###ยง# W......)#
##W######..
#@........#
##...###### #..#...#
##.####.# ###### #..#
#.# ##....# ##..#
#.###..)..#### #...##
#.##..........
#.#..###.##..........
โˆ†
#.##.....##..........


You could see a shadow.

Vanquished Creatures
  A two-headed ogre (D:6)
  5 yaks (D:4)
  Eustachio (D:5)
  Menkaure (D:5)
  3 ogres
  2 centaurs
  A phantom (D:5)
  A bullfrog (D:6)
  A scorpion (D:5)
  Blork the orc (D:5)
  A howler monkey (D:4)
  A hound (D:5)
  A bullfrog skeleton (D:4)
  2 centaur skeletons
  3 orc priests
  A gnoll shaman (D:4)
  Terence (D:3)
  2 orc wizards (D:6)
  Ijyb (D:5)
  An iguana (D:5)
  A hound skeleton (D:4)
  7 gnolls
  10 adders
  A dart slug (D:4)
  7 orcs
  4 endoplasms
  5 goblins
  6 hobgoblins
  14 jackals
  8 kobolds
  A quokka (D:5)
  7 ball pythons
  7 bats
  3 frilled lizards
  4 rats
116 creatures vanquished.

Vanquished Creatures (others)
  2 bushes (D:4)
  44 plants (D:5)
46 creatures vanquished.

Grand Total: 162 creatures vanquished

Notes
Turn   | Place    | Note
-------+----------+-------------------------------------------
     0 | D:1      | Illumine the Gnoll Ice Elementalist began the quest for the
                  | Orb.
     0 | D:1      | Reached XP level 1. HP: 13/13 MP: 6/6
   125 | D:1      | Reached XP level 2. HP: 19/19 MP: 5/7
   666 | D:2      | Found a sacrificial altar of Ru.
   823 | D:2      | Reached skill level 5 in Spellcasting
   823 | D:2      | Reached XP level 3. HP: 18/25 MP: 5/9
  1058 | D:2      | Reached skill level 1 in Invocations
  1222 | D:2      | Learned a level 3 spell: Frozen Ramparts
  1226 | D:2      | Learned a level 3 spell: Ozocubu's Armour
  1308 | D:2      | Reached skill level 1 in Fighting
  1308 | D:2      | Reached skill level 1 in Short Blades
  1308 | D:2      | Reached skill level 1 in Long Blades
  1308 | D:2      | Reached skill level 1 in Axes
  1308 | D:2      | Reached skill level 1 in Maces & Flails
  1308 | D:2      | Reached skill level 1 in Polearms
  1308 | D:2      | Reached skill level 1 in Staves
  1308 | D:2      | Reached skill level 1 in Slings
  1308 | D:2      | Reached skill level 1 in Bows
  1308 | D:2      | Reached skill level 1 in Crossbows
  1308 | D:2      | Reached skill level 1 in Throwing
  1308 | D:2      | Reached skill level 1 in Armour
  1308 | D:2      | Reached skill level 1 in Shields
  1308 | D:2      | Reached skill level 1 in Unarmed Combat
  1308 | D:2      | Reached skill level 1 in Evocations
  1313 | D:2      | Reached XP level 4. HP: 31/32 MP: 4/11
  1384 | D:2      | Found a faded altar of an unknown god.
  2138 | D:3      | Reached skill level 1 in Conjurations
  2138 | D:3      | Reached skill level 1 in Hexes
  2138 | D:3      | Reached skill level 1 in Summonings
  2138 | D:3      | Reached skill level 1 in Necromancy
  2138 | D:3      | Reached skill level 1 in Translocations
  2138 | D:3      | Reached skill level 1 in Transmutations
  2138 | D:3      | Reached skill level 1 in Fire Magic
  2138 | D:3      | Reached skill level 1 in Air Magic
  2138 | D:3      | Reached skill level 1 in Earth Magic
  2138 | D:3      | Reached skill level 1 in Poison Magic
  2210 | D:3      | Reached XP level 5. HP: 33/37 MP: 7/12
  2212 | D:3      | Noticed Terence
  2223 | D:3      | Killed Terence
  2384 | D:3      | You fall into a shaft and drop 3 floors!
  2384 | D:6      | Found an ornate altar of the Wu Jian Council.
  2414 | D:7      | Noticed a centaur
  2455 | D:6      | Reached XP level 6. HP: 6/44 MP: 1/13
  2479 | D:6      | Found a staircase to the Ecumenical Temple.
  2482 | D:5      | Entered Level 5 of the Dungeon
  2739 | Temple   | Entered the Ecumenical Temple
  2792 | Temple   | Became a worshipper of Cheibriados the Contemplative
  2877 | D:5      | Learned a level 4 spell: Hailstorm
  3077 | D:4      | Reached skill level 5 in Dodging
  3292 | D:4      | Noticed a yak
  3293 | D:4      | Noticed a yak
  3293 | D:4      | Noticed a yak
  3361 | D:4      | Reached * piety under Cheibriados
  3385 | D:4      | Reached XP level 7. HP: 26/50 MP: 3/15
  3967 | D:4      | Killed a yak
  4026 | D:4      | Killed a yak
  4027 | D:4      | Reached skill level 5 in Stealth
  4081 | D:4      | Noticed a yak
  4081 | D:4      | Noticed a yak
  4095 | D:4      | Killed a yak
  4096 | D:4      | Reached XP level 8. HP: 53/57 MP: 5/16
  4096 | D:4      | Killed a yak
  4228 | D:4      | Killed a yak
  4285 | D:4      | Found a glowing golden altar of the Shining One.
  4545 | D:4      | Learned a level 2 spell: Corpse Rot
  4550 | D:4      | Learned a level 4 spell: Dispel Undead
  4770 | D:5      | Noticed Menkaure
  4782 | D:5      | Killed Menkaure
  5131 | D:5      | Noticed Ijyb
  5166 | D:5      | Killed Ijyb
  5397 | D:5      | Reached XP level 9. HP: 57/65 MP: 14/18
  5927 | D:5      | Noticed Eustachio
  5929 | D:5      | Noticed Blork the orc
  5934 | D:5      | Killed Eustachio
  5935 | D:5      | Killed Blork the orc
  6205 | D:6      | Noticed a two-headed ogre
  6385 | D:6      | Reached skill level 8 in Ice Magic
  6482 | D:6      | Noticed Grinder
  6491 | D:6      | Reached ** piety under Cheibriados
  6496 | D:6      | Noticed Grinder
  6496 | D:6      | Grinder changed into Grinder the crimson imp
  6500 | D:6      | HP: 1/65 [two-headed ogre (16)]
  6502 | D:6      | Killed a two-headed ogre
  6503 | D:6      | Reached skill level 5 in Invocations
  6503 | D:6      | Slain by a shadow

Illustrated notes

Levels and vault maps discovered:
D:1:      lightli_molten_gateway, layout_rooms, minmay_tetromino_t2
D:2:      layout_loops_corners, basic_altar, basic_ecumenical_altar,
          kennysheep_potato
D:3:      layout_rooms, nicolae_qazlal_eye_of_the_storm, ashenzari_altar_1,
          grunt_decor_fettered, bh_walls_and_bars, uniq_terence
D:4:      layout_gridville, mainiacjoe_overflow_24_doors,
          mrwooster_statue_mirror, minmay_hedge_maze
D:5:      layout_basic, serial_bayou, serial_bayou_shore_b, serial_bayou_ford_a,
          serial_bayou_lagoon_a, serial_bayou_pond_a, uniq_blork_the_orc,
          uniq_ijyb, uniq_eustachio, uniq_menkaure
D:6:      minmay_skewed_foursquare, layout_rooms,
          mainiacjoe_overflow_tiny_flanked, tgw_kikubaaqudgha,
          general_overflow_altar, overflow_temple_1_default,
          minmay_temple_entry_glass, st_stairs_4, uniq_grinder
D:7:      layout_rooms, mainiacjoe_overflow_alcove_1, vehumet_altar_wand_db,
          nzn_ghost_randoct, minmay_holes, minmay_misc_feat_cross
Temple:   corrupted_temple

Skill      XL: |  1  2  3  4  5  6  7  8  9 |
---------------+----------------------------+-----
Spellcasting   | 5 6 |  6.8
Invocations    | 1 2 3 4 5 |  5.0
Fighting       | 1 2 3 4 |  4.5
Short Blades   | 1 2 3 4 |  4.5
Long Blades    | 1 2 3 4 |  4.5
Axes           | 1 2 3 4 |  4.5
Maces & Flails | 1 2 3 4 |  4.5
Polearms       | 1 2 3 4 |  4.5
Staves         | 1 2 3 4 |  4.5
Slings         | 1 2 3 4 |  4.5
Bows           | 1 2 3 4 |  4.5
Crossbows      | 1 2 3 4 |  4.5
Throwing       | 1 2 3 4 |  4.5
Armour         | 1 2 3 4 |  4.5
Shields        | 1 2 3 4 |  4.5
Unarmed Combat | 1 2 3 4 |  4.5
Evocations     | 1 2 3 4 |  4.5
Conjurations   | 1 2 3 |  3.8
Hexes          | 1 2 3 |  3.8
Summonings     | 1 2 3 |  3.8
Necromancy     | 1 2 3 |  3.8
Translocations | 1 2 3 |  3.8
Transmutations | 1 2 3 |  3.8
Fire Magic     | 1 2 3 |  3.8
Air Magic      | 1 2 3 |  3.8
Earth Magic    | 1 2 3 |  3.8
Poison Magic   | 1 2 3 |  3.8
Dodging        | 5 6 |  6.5
Stealth        | 5 6 |  6.3
Ice Magic      | 8 |  8.1

Action                   |  1- 3 |  4- 6 |  7- 9 || total
-------------------------+-------+-------+-------++-------
Melee: Unarmed           |     6 |    40 |       ||    46
       Bite              |       |     7 |     3 ||    10
       Spear             |       |       |    27 ||    27
 Cast: Freeze            |    46 |    43 |    49 ||   138
       Frozen Ramparts   |       |    14 |    21 ||    35
       Ozocubu's Armour  |       |     3 |     6 ||     9
       Hailstorm         |       |     1 |     6 ||     7
       Dispel Undead     |       |       |     5 ||     5
Evoke: Wand              |       |       |     4 ||     4
  Use: Potion            |     1 |       |     2 ||     3
Armor: Robe              |     9 |    18 |    14 ||    41
Dodge: Dodged            |    25 |    57 |    43 ||   125
